 Dungeon Crawl Stone Soup version 0.19-a0-27-g415f530 (webtiles) character file.

19 M4edhros the Insei (level 2, -2/23 HPs)
             Began as a Vampire Monk on May 1, 2016.
             Slain by a giant frog skeleton (3 damage)
             ... on level 5 of the Dungeon.
             The game lasted 00:00:50 (187 turns).

M4edhros the Insei (Vampire Monk)                    Turns: 187, Time: 00:00:50

Health: -2/23      AC:  3    Str: 10    XL:     2   Next: 55%
Magic:  2/2        EV: 13    Int: 12    God:
Gold:   42         SH:  0    Dex: 16    Spells: 0 memorised, 1 level left

rFire  . . .     SeeInvis +     b - -2 dagger (curse)
rCold  . . .     Gourm    .     a - +0 robe
rNeg   . . .     Faith    .     (no shield)
rPois  .         Spirit   .     (no helmet)
rElec  .         Dismiss  .     c - +0 cloak
rCorr  .         Reflect  .     (no gloves)
SustAt .         Harm     .     (no boots)
MR     .....                    (no amulet)
Stlth  +++.......               (no ring)
                                (no ring)

@: regenerating quickly, not resistant to hostile enchantments, fairly stealthy
A: fangs 3, see invisible, unbreathing
a: no special abilities


You were on level 5 of the Dungeon.
You were full.

You visited 1 branch of the dungeon, and saw 5 of its levels.

You collected 42 gold pieces.

Inventory:

Hand Weapons
 b - a cursed -2 dagger (weapon)
 f - a +1 falchion of protection
Armour
 a - a +0 robe (worn)
 c - a +0 cloak (worn)
Scrolls
 e - a scroll of random uselessness
Potions
 d - a potion of heal wounds {unknown}
 g - a potion of curing {unknown}
 h - a potion of invisibility {unknown}


   Skills:
 - Level 2.6 Fighting
 - Level 3.2 Dodging
 - Level 3.0 Stealth
 + Level 5.2 Unarmed Combat


You had one spell level left.
You didn't know any spells.

Dungeon Overview and Level Annotations

Branches:
Dungeon (5/15)
 Temple: D:4-7

Altars:


Innate Abilities, Weirdness & Mutations

Your natural rate of healing is unusually fast.
You have razor-sharp teeth.
You have supernaturally acute eyesight.
You can survive without breathing.


Message History

You hit the giant frog skeleton.
The giant frog skeleton barely misses you.
The giant frog skeleton closely misses you.
You barely miss the giant frog skeleton.
The giant frog skeleton hits you.
You barely miss the giant frog skeleton.
The giant frog skeleton hits you.
You hit the giant frog skeleton. The giant frog skeleton hits you.
The giant frog skeleton misses you.
You completely miss the giant frog skeleton.
The giant frog skeleton barely misses you.
You hit the giant frog skeleton. The giant frog skeleton misses you.
You hit the giant frog skeleton but do no damage.
The giant frog skeleton hits you. x2
* * * LOW HITPOINT WARNING * * *
You hit the giant frog skeleton but do no damage.
The giant frog skeleton hits you.
* * * LOW HITPOINT WARNING * * *
You hit the giant frog skeleton. The giant frog skeleton hits you.
You die...

#.# #.#
#.# #.#
#.# #.#
#.#
#<###.#
#.@Z..#
#######


You could see a giant frog skeleton.

Vanquished Creatures
  An adder (D:4)
  A bat (D:3)
  A goblin (D:2)
  2 jackals (D:2)
  2 kobolds (D:2)
  A giant newt (D:2)
  2 rats (D:2)
10 creatures vanquished.

Notes
Turn   | Place    | Note
--------------------------------------------------------------
     0 | D:1      | M4edhros the Vampire Monk began the quest for the Orb.
     0 | D:1      | Reached XP level 1. HP: 17/17 MP: 1/1
    68 | D:2      | Reached XP level 2. HP: 20/23 MP: 2/2
    80 | D:3      | Reached skill level 5 in Unarmed Combat
   175 | D:5      | Entered Level 5 of the Dungeon
   186 | D:5      | HP: 1/23 [giant frog skeleton (3)]
   187 | D:5      | Slain by a giant frog skeleton

Vault maps used:
D:1:      dpeg_arrival_fog, serial_curves, eino_curves_02, eino_curves_01
D:2:      lemuel_coloured_pillars_altar
D:3:      kennysheep_ying_yang, xom_teletrap_fun,
          nicolae_ru_great_annihilating_truth, minmay_overflow_temple_star_quad,
          makhleb_grotto_becter, kennysheep_generic_room_14
D:4:      minmay_temple_entry_statues, serial_shops, kennysheep_mini,
          kennysheep_orc_chapel
D:5:      first_bread, serial_glass, glass_columns_a, glass_columns_a

Skill      XL: |  1  2 |
---------------+-------+-----
Unarmed Combat | 5 |  5.2
Fighting       | |  2.6
Dodging        | |  3.2
Stealth        | |  3.0

Action                   || total
-------------------------++-------
Melee: Unarmed           ||    23
       Bite              ||     2
       Dagger            ||    11
  Use: Potion            ||     3
       Scroll            ||     1
 Stab: Sleeping          ||     2
Armor: Robe              ||     7
Dodge: Dodged            ||    16
